 Dungeon Crawl Stone Soup version 0.24.0-37-gcf1ca852f1 (webtiles) character file.

Game seed: 1488345960739130601, levelgen mode: deterministic

19135 Iskender the Spear-Bearer (level 13, 0/101 HPs)
             Began as a Formicid Chaos Knight on Nov 22, 2019.
             Was a Plaything of Xom.
             Slain by an entropy weaver (5 damage)
             ... on level 4 of the Lair of Beasts.
             The game lasted 01:06:29 (12683 turns).

Iskender the Spear-Bearer (Formicid Chaos Knight)  Turns: 12683, Time: 01:06:31

Health: 0/101      AC: -4    Str: 21    XL:     13   Next: 2%
Magic:  16/16      EV: 11    Int: 14    God:    Xom [*.....]
Gold:   761        SH:  0    Dex:  7    Spells: 8/16 levels left

rFire    + . .     SeeInvis +   a - +8 trident of Fragile Peace {drain, rPois}
rCold    . . .     Gourm    +   (no shield)
rNeg     . . .     Faith    .   b - +2 leather armour
rPois    +         Spirit   .   (helmet unavailable)
rElec    .         Reflect  .   r - +2 cloak
rCorr    .         Harm     .   h - +2 pair of gloves
MR       ++...                  (no boots)
Stlth    +++.......             p - amulet of the gourmand
HPRegen  0.26/turn              f - ring of a Million Beds {rF+ Int+3 Dex-5 Slay+3 SInv}
MPRegen  0.15/turn              m - ring of protection from magic

@: corroded
A: permanent stasis, dig shafts and tunnels, four strong arms, antennae 3, thin
skeletal structure 1, blurry vision 1, dopey 1, MP-powered wands
a: Dig, Shaft Self, Renounce Religion


You were on level 4 of the Lair of Beasts.
You worshipped Xom.
You were a special plaything of Xom.
You were not hungry.

You visited 3 branches of the dungeon, and saw 15 of its levels.

You collected 1041 gold pieces.
You spent 280 gold pieces at shops.

Inventory:

Hand Weapons
 a - the +8 trident of Fragile Peace (weapon) {drain, rPois}
   (You found it on level 5 of the Dungeon)

   A truly terrible weapon, it drains the life of those it strikes.
   It protects you from poison.
 B - a +3 battleaxe
 L - a +2 scimitar of flaming
 O - a cursed +4 halberd
Missiles
 s - 6 silver javelins
 u - 15 boomerangs
 I - 2 throwing nets (quivered)
 M - 11 poisoned darts
Armour
 b - a +2 leather armour (worn)
 h - a +2 pair of gloves (worn)
 r - a +2 cloak (worn)
 y - a +0 plate armour of fire resistance
Jewellery
 f - the ring of a Million Beds (left hand) {rF+ Int+3 Dex-5 Slay+3 SInv}
   (You found it on level 10 of the Dungeon)

   [ring of protection from fire]

   It affects your intelligence (+3).
   It affects your dexterity (-5).
   It affects your accuracy and damage with ranged weapons and melee attacks
   (+3).
   It protects you from fire.
   It lets you see invisible.
 m - a ring of protection from magic (right hand)
 p - an amulet of the gourmand (around neck)
 D - a cursed ring of protection from magic
Wands
 k - a wand of paralysis (11)
 F - a wand of flame (4)
 G - a wand of polymorph (17)
 H - a wand of clouds (15)
 J - a wand of iceblast (7)
 T - a wand of disintegration (20)
Scrolls
 d - 2 scrolls of fog
 e - a scroll of identify
 q - a scroll of magic mapping
 v - 2 scrolls of remove curse
 w - 3 scrolls of amnesia
 C - 3 scrolls of enchant armour
 K - a scroll of blinking {unknown}
 N - a scroll of torment
 P - a scroll of summoning
 S - 3 scrolls of enchant weapon
Potions
 g - 3 potions of heal wounds
 i - 6 potions of might
 j - a potion of brilliance
 l - a potion of mutation
 n - 3 potions of invisibility
 o - 2 potions of cancellation
 t - 3 potions of lignification
 z - 4 potions of flight
 A - 8 potions of curing
 E - 2 potions of agility
 Q - a potion of ambrosia
Miscellaneous
 R - a phial of floods
Comestibles
 c - 21 rations
 x - a chunk of flesh


   Skills:
 - Level 9.5 Fighting
 - Level 14.0 Polearms
 + Level 8.8 Throwing
 - Level 2.1 Armour
 - Level 0.8 Dodging
 - Level 7.3 Stealth
 - Level 2.2 Spellcasting
 - Level 4.0 Conjurations
 - Level 4.4 Fire Magic


You had 8 spell levels left.
You knew the following spells:

 Your Spells              Type           Power        Failure   Level  Hunger
a - Call Imp              Summ           #.......     38%         2    ###....
d - Conjure Flame         Conj/Fire      ##......     14%         3    ###....
C - Mephitic Cloud        Conj/Pois/Air  #.......     43%         3    ###....

Your spell library contained the following spells:

 Spells                   Type           Power        Failure   Level  Hunger
 Magic Dart               Conj           ##..         4%          1    #......
 Corona                   Hex            #......      26%         1    #......
 Dazzling Spray           Conj/Hex       #.....       34%         3    ###....
 Ensorcelled Hibernation  Hex/Ice        #.....       38%         2    ###....
 Slow                     Hex            #.......     38%         2    ###....
 Confuse                  Hex            #.......     63%         3    ###....
 Tukima's Dance           Hex            #.......     63%         3    ###....
 Irradiate                Conj/Tmut      #.........   97%         5    ######.
 Hydra Form               Tmut           #.........   100%        6    #######
 Statue Form              Tmut/Erth      #........    100%        6    #######
 Dragon Form              Tmut           #.........   100%        7    #######
 Blink                    Tloc           Unusable     N/A         2    N/A

Dungeon Overview and Level Annotations

Branches:
Dungeon (10/15)            Temple (1/1) D:7            Lair (4/6) D:10
 Shoals (0/4) Lair:4       Spider (0/4) Lair:2
    Orc: D:9-12

Altars:
Ashenzari
Cheibriados
Dithmenos
Elyvilon
Fedhas
Gozag
Hepliaklqana
Kikubaaqudgha
Makhleb
Nemelex Xobeh
Okawaru
Qazlal
Ru
Sif Muna
Trog
Uskayaw
Vehumet
Wu Jian
Xom
Yredelemnul
Zin
The Shining One

Shops:
D:4 :   D:5 :   D:8 }   D:10 =

Annotations:
Lair:4 Nessos


Innate Abilities, Weirdness & Mutations

You cannot be hasted, slowed, berserked, paralysed or teleported.
You can dig through walls and to a lower floor.
Your four strong arms can wield two-handed weapons with a shield.
You have a pair of large antennae on your head. (SInv)
You have a somewhat thin skeletal structure. (Dex +2, Stealth)
Scrolls take you a little longer to read.
You are dopey. (Int -2)
You expend magic power (3 MP) to strengthen your wands.


Message History

Throwing (i - inventory. (/) - cycle)
I - 3 throwing nets (quivered)
Press: ? - help, Shift-Dir - straight line, f/p - entropy weaver
Aim: an entropy weaver You throw a throwing net.
The throwing net closely misses the entropy weaver.
The entropy weaver hits you! The entropy weaver misses you.
The entropy weaver hits you!
* * * LOW HITPOINT WARNING * * *
The entropy weaver hits you!
* * * LOW HITPOINT WARNING * * *
Are you sure you want to shaft yourself?
You feel quite a bit less full.
The entropy weaver casts a spell.
The entropic weave corrodes you!
You begin to dig a shaft.
You continue digging a shaft.
The entropy weaver hits you!
* * * LOW HITPOINT WARNING * * *
The entropy weaver hits you.
You die...
Xom chuckles heartily!

.##..# # .#.#.
#.# #.#{...
..#### ...$a.{
##.....##
#.{aaa##.#.....P#
#?..{#a.#.....# {
#.{{#a#....... {
{{#{#a#..# {{{
#.#@.#.#
{{{{#####.# #.# .
## ##.#
#.#.#.####.#.#
.#..{#.....###
#.# ..........###
#>...
>....##..###
#........##
##≈..#


You could see 2 entropy weavers and a soldier ant.

Vanquished Creatures
  Gastronok (D:8)
  Erica (D:8)
  A two-headed ogre (D:8)
  Pikel (D:8)
  2 wolf spiders (Lair:2)
  A merfolk siren (Lair:4)
  3 black mambas
  2 spiny frogs
  2 rime drakes
  4 komodo dragons
  A polar bear (Lair:4)
  A jumping spider (Lair:2)
  Grinder (D:3)
  3 merfolk (Lair:4)
  A meliai zombie (D:10)
  2 hippogriffs
  Sigmund (D:3)
  10 yaks
  A redback (Lair:2)
  A hungry ghost (D:10)
  4 hogs (D:7)
  A basilisk (Lair:3)
  A human (D:7)
  5 water moccasins
  6 porcupines
  4 sky beasts
  An orc warrior (D:8)
  2 ice beasts
  2 phantoms
  8 ogres
  2 necrophages
  5 wolves
  4 centaurs
  4 crocodiles
  A big kobold (D:10)
  9 bullfrogs
  2 water moccasin zombies
  3 scorpions
  5 killer bees (D:10)
  3 howler monkeys
  5 wights (D:9)
  A vampire bat (D:7)
  A bullfrog zombie (D:7)
  3 crimson imps
  A centaur zombie (D:7)
  A quasit (D:10)
  6 hounds
  3 bullfrog skeletons
  11 orc priests
  10 orc wizards
  3 iguanas
  11 worker ants
  2 hound skeletons
  2 worker ant zombies
  9 adders
  A shadow imp (D:6)
  An adder zombie (D:9)
  An adder skeleton (D:9)
  5 worms
  3 dart slugs
  5 leopard geckos
  24 orcs
  5 giant cockroaches
  4 goblins
  A hobgoblin (D:2)
  7 jackals
  A quokka (D:5)
  A ball python (D:3)
  9 bats
  2 frilled lizards
  A jackal skeleton (D:6)
  9 kobolds
  A leopard gecko skeleton (D:7)
  A leopard gecko zombie (D:5)
  A quokka skeleton (D:7)
  4 rats
  A plant (Lair:2)
269 creatures vanquished.

Vanquished Creatures (collateral kills)
  Harold (D:8)
  A bullfrog (D:8)
  A scorpion (D:6)
  A hound (D:6)
4 creatures vanquished.

Vanquished Creatures (others)
  A crimson imp (D:8)
  A plant (Lair:2)
2 creatures vanquished.

Grand Total: 275 creatures vanquished

Notes
Turn   | Place    | Note
-------+----------+-------------------------------------------
     0 | D:1      | Iskender the Formicid Chaos Knight began the quest for the
                  | Orb.
     0 | D:1      | Reached XP level 1. HP: 18/18 MP: 1/1
   198 | D:1      | XOM: harmless Hex miscast
   211 | D:1      | Reached skill level 1 in Stealth
   326 | D:1      | XOM: divination: detect items
   414 | D:1      | Reached XP level 2. HP: 24/24 MP: 2/2
   688 | D:2      | XOM: give mutations
   688 | D:2      | Gained mutation: You are frail. (-10% HP) [Xom's mischief]
   688 | D:2      | Gained mutation: Your body sometimes deteriorates upon
                  | taking damage. [Xom's mischief]
   688 | D:2      | Gained mutation: Armour fits poorly on your strangely
                  | shaped body. [Xom's mischief]
   688 | D:2      | Gained mutation: You have very sharp teeth. [Xom's
                  | mischief]
   696 | D:2      | Lost mutation: Your body sometimes deteriorates upon taking
                  | damage. [potion of mutation]
   696 | D:2      | Lost mutation: Armour fits poorly on your strangely shaped
                  | body. [potion of mutation]
   696 | D:2      | Lost mutation: You are frail. (-10% HP) [potion of
                  | mutation]
   696 | D:2      | Gained mutation: You are dopey. (Int -2) [potion of
                  | mutation]
   696 | D:2      | Gained mutation: Your muscles are strong. (Str +2) [potion
                  | of mutation]
   696 | D:2      | Gained mutation: You have a somewhat thin skeletal
                  | structure. (Dex +2, Stealth) [potion of mutation]
   725 | D:2      | Reached XP level 3. HP: 25/29 MP: 3/3
   940 | D:2      | Reached XP level 4. HP: 34/35 MP: 4/4
  1324 | D:2      | Found a blossoming altar of Fedhas.
  1360 | D:2      | Reached skill level 4 in Polearms
  1460 | D:2      | Found a shimmering blue altar of Sif Muna.
  1469 | D:2      | Found a shattered altar of Ashenzari.
  1620 | D:3      | XOM: mild Tmut miscast
  1872 | D:3      | Reached XP level 5. HP: 41/41 MP: 5/5
  1939 | D:3      | Noticed Sigmund
  1985 | D:3      | Noticed Grinder
  2003 | D:3      | XOM: mild Erth miscast
  2233 | D:4      | Found an opulent altar of Gozag.
  2399 | D:4      | XOM: silly message
  2448 | D:4      | XOM: cloud trail
  2550 | D:5      | Entered Level 5 of the Dungeon
  2550 | D:5      | Noticed an ogre
  2579 | D:5      | Noticed an ogre
  2595 | D:5      | Noticed an ice beast
  2602 | D:5      | XOM: summons friendly crimson imp
  2606 | D:5      | Reached skill level 5 in Stealth
  2607 | D:5      | Found a bloodstained altar of Trog.
  2660 | D:5      | Found a glowing silver altar of Zin.
  2730 | D:5      | Noticed a centaur
  2742 | D:5      | Killed a centaur
  2742 | D:5      | Reached XP level 6. HP: 37/47 MP: 6/6
  2806 | D:5      | Got a scorched trident
  2807 | D:5      | Identified the +8 trident of Fragile Peace {drain, rPois}
                  | (You found it on level 5 of the Dungeon)
  2812 | D:5      | XOM: harmless Hex miscast
  2835 | D:5      | Found a shadowy altar of Dithmenos.
  2900 | D:5      | Reached XP level 7. HP: 43/52 MP: 7/7
  2943 | D:5      | Reached skill level 5 in Polearms
  3041 | D:5      | XOM: god gift: 47 gold pieces
  3226 | D:5      | Found Waudev's Book Shoppe.
  3274 | D:5      | Reached skill level 6 in Polearms
  3429 | D:4      | XOM: medium Ice miscast
  3432 | D:4      | XOM: harmless Chrm miscast
  3534 | D:4      | Found Douthrunn's Book Shoppe.
  3767 | D:4      | XOM: mild Hex miscast
  3848 | D:5      | Reached XP level 8. HP: 58/58 MP: 8/8
  3885 | D:5      | XOM: give mutations
  3885 | D:5      | Lost mutation: Your muscles are strong. (Str +2) [Xom's
                  | mischief]
  3885 | D:5      | Gained mutation: You are very dopey. (Int -4) [Xom's
                  | mischief]
  3885 | D:5      | Gained mutation: You are clumsy. (Dex -2) [Xom's mischief]
  3887 | D:5      | XOM: give mutations
  3887 | D:5      | Lost mutation: You have very sharp teeth. [Xom's mischief]
  3887 | D:5      | Lost mutation: You are very dopey. (Int -4) [Xom's
                  | mischief]
  3888 | D:5      | Reached skill level 7 in Polearms
  4090 | D:5      | XOM: harmless Tloc miscast
  4181 | D:3      | Killed Sigmund
  4181 | D:3      | Reached skill level 8 in Polearms
  4478 | D:4      | XOM: harmless Fire miscast
  4599 | D:6      | XOM: god gift: 28 stones
  4644 | D:6      | Found a stormy altar of Qazlal.
  4655 | D:6      | XOM: summons 8 friendly demons
  4675 | D:6      | Found a hide-covered altar of Uskayaw.
  4687 | D:6      | XOM: summons 1 hostile demon
  4762 | D:6      | Found a snail-covered altar of Cheibriados.
  4777 | D:6      | Reached skill level 9 in Polearms
  4890 | D:6      | Reached XP level 9. HP: 58/64 MP: 9/9
  4910 | D:6      | XOM: confuse monster(s)
  5071 | D:7      | Found a staircase to the Ecumenical Temple.
  5087 | Temple   | Entered the Ecumenical Temple
  5169 | D:7      | XOM: cloud trail
  5231 | D:7      | Reached skill level 10 in Polearms
  5396 | D:7      | XOM is BORED!
  5396 | D:7      | XOM: medium Chrm miscast
  5758 | D:7      | Reached skill level 5 in Fighting
  5772 | D:7      | XOM: stat loss: -1 Int (9/10)
  6032 | D:3      | Killed Grinder
  6032 | D:3      | Reached skill level 11 in Polearms
  6032 | D:3      | Reached XP level 10. HP: 76/76 MP: 10/10
  6084 | D:3      | XOM: give mutations
  6084 | D:3      | Gained mutation: You expend magic power (3 MP) to
                  | strengthen your wands. [Xom's mischief]
  6084 | D:3      | Lost mutation: You are clumsy. (Dex -2) [Xom's mischief]
  6084 | D:3      | Gained mutation: Scrolls take you a little longer to read.
                  | [Xom's mischief]
  6231 | D:4      | Bought a book of Minor Magic for 280 gold pieces
  6245 | D:4      | Learned a level 2 spell: Call Imp
  6249 | D:4      | Learned a level 3 spell: Conjure Flame
  6253 | D:4      | Learned a level 3 spell: Mephitic Cloud
  6416 | D:8      | Reached skill level 1 in Spellcasting
  6416 | D:8      | Reached skill level 1 in Fire Magic
  6479 | D:8      | Reached skill level 1 in Conjurations
  6488 | D:8      | Noticed Harold
  6582 | D:8      | XOM: noise
  6590 | D:8      | Noticed a two-headed ogre
  6621 | D:8      | XOM: harmless Chrm miscast
  6628 | D:8      | XOM: cast spell 'Death Channel'
  6632 | D:8      | XOM: cast spell 'Summon Ice Beast'
  6634 | D:8      | Killed a two-headed ogre
  6646 | D:8      | Found Hoergh's Gadget Shop.
  6676 | D:8      | Killed Harold
  6738 | D:8      | Noticed Gastronok
  6752 | D:8      | XOM: butterfly on damage
  6756 | D:8      | Killed Gastronok
  6756 | D:8      | Reached skill level 12 in Polearms
  6756 | D:8      | Reached XP level 11. HP: 51/81 MP: 14/14
  6883 | D:8      | Noticed Erica
  6888 | D:8      | Killed Erica
  6974 | D:8      | Noticed Pikel
  6981 | D:8      | Killed Pikel
  7133 | D:8      | XOM: noise
  7353 | D:9      | Reached skill level 13 in Polearms
  7369 | D:9      | XOM: cast spell 'Cause Fear'
  7494 | D:9      | Found a basalt altar of Yredelemnul.
  7515 | D:9      | XOM: smoke on damage
  7684 | D:9      | XOM: harmless Chrm miscast
  7751 | D:9      | XOM: swap monsters
  7761 | D:9      | Found a glowing golden altar of the Shining One.
  8067 | D:9      | XOM: mild Tloc miscast
  8119 | D:9      | XOM: mild Pois miscast
  8131 | D:10     | Entered Level 10 of the Dungeon
  8487 | D:10     | XOM is BORED!
  8487 | D:10     | XOM: medium Ice miscast
  8693 | D:10     | Got a scintillating wooden ring
  8695 | D:10     | Identified the ring of a Million Beds {rF+ Int+3 Dex-5
                  | Slay+3 SInv} (You found it on level 10 of the Dungeon)
  8702 | D:10     | XOM: confusion
  8715 | D:10     | Found Wutounef's Jewellery Shoppe.
  8811 | D:10     | Found a staircase to the Lair.
  8962 | Lair:1   | XOM: noise
  8962 | Lair:1   | Entered Level 1 of the Lair of Beasts
  9112 | Lair:1   | XOM: scenery: create altars
  9171 | Lair:1   | Reached XP level 12. HP: 91/95 MP: 15/15
  9316 | Lair:1   | XOM: repel stairs
  9416 | Lair:1   | XOM: scenery: create altars
  9422 | Lair:1   | XOM: cast spell 'Summon Small Mammal'
  9450 | Lair:1   | Reached skill level 14 in Polearms
  9527 | Lair:1   | Reached skill level 1 in Throwing
  9830 | Lair:2   | XOM: confuse monster(s)
 10032 | Lair:2   | Found a hole to the Spider Nest.
 10038 | Lair:2   | XOM: swap monsters
 10040 | Lair:2   | You fall into a shaft and drop 2 floors!
 10456 | Lair:3   | Reached skill level 5 in Throwing
 10676 | Lair:2   | XOM: torment (49/96 hp)
 11593 | Lair:3   | XOM: torment (42/96 hp)
 11866 | Lair:3   | XOM: noise
 11952 | Lair:3   | XOM: summons 3 hostile shadow creatures
 12382 | Lair:4   | XOM: polymorph wolf -> worm
 12449 | Lair:4   | Noticed Nessos
 12622 | Lair:4   | Found a staircase to the Shoals.
 12630 | Lair:4   | Reached XP level 13. HP: 96/101 MP: 16/16
 12673 | Lair:4   | Noticed an entropy weaver
 12673 | Lair:4   | Noticed an entropy weaver
 12683 | Lair:4   | HP: 5/101 [entropy weaver (10)]
 12683 | Lair:4   | Slain by an entropy weaver

Levels and vault maps discovered:
D:1:      co_arrival_square_in_a_square_in_a_square, layout_loops_ring
D:2:      layout_loops_ring, amethyst_overflow_temple_binary, fedhas_altar_1
D:3:      layout_loops_cross, uniq_grinder, uniq_sigmund
D:4:      layout_basic, nicolae_gozag_seed_capital, serial_shops,
          kennysheep_little_box, first_ration
D:5:      layout_basic, nicolae_overflow_crystal_walls, zin_statuary,
          lemuel_coloured_pillars_altar, serial_shops, shop,
          grunt_decor_mini_mirrors
D:6:      layout_loops_ring, old_standard_altar, lemuel_round_altar,
          lemuel_round_altar, chequers_big_river
D:7:      layout_rooms, minmay_temple_entry_proselytizer, grunt_livestock,
          roderic_batcave
D:8:      layout_basic, serial_shops, shop, uniq_pikel, uniq_gastronok,
          uniq_erica, uniq_harold
D:9:      layout_rooms, nicolae_tso_swordbearing_angel, kennysheep_mini
D:10:     layout_rooms, lair_entry_dummy, serial_shops, kennysheep_mini_moat,
          minmay_fractal_squares_gapless_5
Temple:   eino_temple_lava
Lair:1:   layout_cave_pods, grunt_megastairs_2
Lair:2:   layout_roguey, spider_nest_entry_funnel_web,
          cheibrodos_lair_caveside_slide
Lair:3:   layout_long_grid
Lair:4:   layout_misc_corridors, elwin_shoals_entry_stream,
          minmay_another_anthill, uniq_nessos

Skill      XL: |  1  2  3  4  5  6  7  8  9 10 11 12 |
---------------+-------------------------------------+-----
Stealth        | 2 3 4 6 7 |  7.3
Polearms       | 4 6 9 11 12 13 14 | 14.0
Fighting       | 6 9 |  9.5
Spellcasting   | 2 |  2.2
Fire Magic     | 4 |  4.4
Conjurations   | 4 |  4.0
Throwing       | 8 |  8.8
Armour         | |  2.1
Dodging        | |  0.8

Action                   |  1- 3 |  4- 6 |  7- 9 | 10-12 | 13-15 || total
-------------------------+-------+-------+-------+-------+-------++-------
Melee: Spear             |    61 |    79 |       |       |       ||   140
       Bite              |     1 |    10 |     7 |       |       ||    18
       Trident           |       |    10 |   187 |   485 |     6 ||   688
Throw: Stone             |     3 |     7 |       |       |       ||    10
       Boomerang         |       |     3 |    14 |    17 |       ||    34
       Dart              |       |       |       |     6 |       ||     6
       Throwing net      |       |       |       |       |     2 ||     2
 Cast: Conjure Flame     |       |       |       |     5 |       ||     5
       Mephitic Cloud    |       |       |       |     1 |       ||     1
 Abil: Dig               |       |    14 |    29 |    17 |     1 ||    61
       Shaft Self        |       |       |       |     1 |     1 ||     2
Evoke: Wand              |       |       |       |    13 |       ||    13
  Use: Potion            |     1 |       |       |     1 |       ||     2
       Scroll            |       |     5 |     6 |    12 |       ||    23
 Stab: Sleeping          |       |     6 |     9 |    17 |     3 ||    35
       Confused          |       |     2 |     1 |     1 |       ||     4
       Distracted        |       |       |       |     2 |       ||     2
  Eat: Chunk             |       |     2 |    21 |    26 |       ||    49
       Ration            |       |     2 |       |       |       ||     2
Armor: Leather armour    |    14 |    15 |    17 |    48 |       ||    94
       Plate armour      |       |       |     8 |       |       ||     8
Dodge: Dodged            |    24 |    36 |    45 |   116 |     2 ||   223
